 Dungeon Crawl Stone Soup version 0.30.1-4-g462c640d31 (webtiles) character file.

Game seed: 717548954481979312

49 Bobit the Cudgeller (level 3, -4/31 HPs)
             Began as a Gnoll Reaver on Aug 16, 2023.
             Killed by divine providence
             ... invoked by an orc priest
              (13 damage)
             ... on level 3 of the Dungeon.
             The game lasted 00:01:53 (1497 turns).

Bobit the Cudgeller (Gnoll Reaver)                  Turns: 1497, Time: 00:01:53

Health: -4/31      AC:  3    Str: 13    XL:     3   Next: 75%
Magic:  9/9        EV: 12    Int: 12    God:
Gold:   98         SH:  0    Dex: 10    Spells: 9/12 levels left

rFire   . . .        a - +0 mace
rCold   . . .        (no shield)
rNeg    . . .        b - +0 leather armour
rPois   .            (no helmet)
rElec   .            (no cloak)
rCorr   .            (no gloves)
SInv    .            (no boots)
Will    .....        (no amulet)
Stlth   +            (no ring)
HPRegen 0.25/turn    (no ring)
MPRegen 0.11/turn

%: no passive effects
@: no status effects
A: fangs 1, strong nose, distributed training
a: no special abilities


You were on level 3 of the Dungeon.
You visited 1 branch of the dungeon, and saw 3 of its levels.

You collected 98 gold pieces.

Inventory:

Hand Weapons
 a - a +0 mace (weapon)
Armour
 b - a +0 leather armour (worn)
Scrolls
 c - 3 scrolls of identify {unknown}
 g - 3 scrolls of enchant armour {unknown}
 i - a scroll of noise {unknown}
 j - a scroll of magic mapping {unknown}
 k - a scroll of vulnerability {unknown}
Potions
 d - a potion of heal wounds {unknown}
 e - a potion of mutation {unknown}
 f - a potion of flight {unknown}
 h - a potion of invisibility {unknown}
 l - a potion of cancellation {unknown}
 m - a potion of brilliance {unknown}
 n - a potion of attraction {unknown}


   Skills:
 + Level 4.6 Fighting
 + Level 1.0 Short Blades
 + Level 1.0 Long Blades
 + Level 1.0 Axes
 + Level 6.5 Maces & Flails
 + Level 1.0 Polearms
 + Level 1.0 Staves
 + Level 1.0 Ranged Weapons
 + Level 1.0 Throwing
 + Level 1.0 Armour
 + Level 4.6 Dodging
 + Level 1.0 Stealth
 + Level 1.0 Shields
 + Level 1.0 Unarmed Combat
 + Level 5.0 Spellcasting
 + Level 5.4 Conjurations
 + Level 0.7 Hexes
 + Level 0.7 Summonings
 + Level 0.7 Necromancy
 + Level 0.7 Translocations
 + Level 0.7 Transmutations
 + Level 0.7 Fire Magic
 + Level 0.7 Ice Magic
 + Level 0.7 Air Magic
 + Level 0.7 Earth Magic
 + Level 0.7 Poison Magic
 + Level 1.0 Invocations
 + Level 1.0 Evocations


You had 9 spell levels left.
You knew the following spells:

 Your Spells              Type           Power      Damage    Failure   Level
a - Kiss of Death         Conj/Necr      40%        2d8       7%          1
b - Momentum Strike       Conj/Tloc      20%        3d8       11%         2

Your spell library contained the following spells:

 Spells                   Type           Power      Damage    Failure   Level
 Hailstorm                Conj/Ice       10%        3d5       22%         3
 Poisonous Vapours        Pois/Air       8%         N/A       28%         2
 Mephitic Cloud           Conj/Pois/Air  8%         N/A       30%         3
 Freezing Cloud           Conj/Ice/Air   4%         6-21      95%         5


Dungeon Overview and Level Annotations

Branches:
Dungeon (3/15)

Altars:
Ashenzari

Annotations:
D:3 Grinder


Innate Abilities, Weirdness & Mutations

You have very sharp teeth.
Your uncanny sense of smell can sniff out nearby items.
Your experience applies equally to all skills.


Message History

You see here a scroll labelled WAETWIWIUWN.
The orc priest barely misses you.
You closely miss the orc priest.
The orc priest hits you but does no damage.
Grinder comes into view.
She is carrying a wand of digging (3).
You hit the orc priest.
The orc priest is lightly wounded.
The orc priest hits you with a +0 dagger.
The orc hits you with a +0 whip.
You hit the orc priest but do no damage.
The orc priest is lightly wounded.
The orc priest hits you but does no damage.
The orc misses you.
You closely miss the orc priest.
You bite the orc priest, but do no damage.
The orc priest is lightly wounded.
An orc comes into view. It is wielding a +0 flail.
The orc priest casts a cantrip, but nothing happens.
The orc priest hits you with a +0 dagger.
The orc closely misses you. The orc attacks as you move away!
The orc misses you.
The orc priest attacks as you move away!
The orc priest barely misses you. Grinder closely misses you.
You see here a scroll labelled WAETWIWIUWN.
The orc priest attacks as you move away!
The orc priest barely misses you. Grinder hits you!
You writhe in agony.
Grinder blinks!
The orc priest miscasts a cantrip.
Grinder zaps a wand.
Some rock shatters into small pieces.
The orc priest looks braver for a moment.
Grinder grins, showing sharp teeth.
You hear a zap.
Some rock shatters into small pieces.
You hear a zap.
You hear a grinding noise.
The orc priest mumbles some strange prayers to Beogh against you.
Beogh smites you!
* * * LOW HITPOINT WARNING * * *
The orc priest calls down the wrath of Beogh upon you.
Beogh smites you!
You die...

#### #.. โˆ†
#.. ##.#
##.o#####
####.#ยง..$.#
#..o..?....#
#..#####o..#
# #...@#o..#
#.##.#oo5##
#.##o#....#
#.##.#...#
#.##5o...#
#.##.#.#.#
#....o.#.#
โˆ†##.#####.#
. โˆ†.#


You could see Grinder, 2 orc priests and an orc.

Vanquished Creatures
  An adder (D:2)
  A worm (D:2)
  2 dart slugs
  4 endoplasms (D:1)
  2 giant cockroaches (D:1)
  4 goblins
  2 hobgoblins
  5 ball pythons
  A bat (D:2)
  A frilled lizard (D:1)
  4 kobolds
  4 rats
31 creatures vanquished.

Notes
Turn   | Place    | Note
-------+----------+-------------------------------------------
     0 | D:1      | Bobit the Gnoll Reaver began the quest for the Orb.
     0 | D:1      | Reached XP level 1. HP: 20/20 MP: 6/6
   179 | D:1      | Reached XP level 2. HP: 19/26 MP: 7/7
   304 | D:1      | Learned a level 2 spell: Momentum Strike
   816 | D:2      | Reached skill level 5 in Spellcasting
   816 | D:2      | Reached XP level 3. HP: 31/31 MP: 7/9
   978 | D:2      | Reached skill level 1 in Invocations
   987 | D:2      | Found a broken altar of Ashenzari.
  1164 | D:2      | Reached skill level 1 in Short Blades
  1164 | D:2      | Reached skill level 1 in Long Blades
  1164 | D:2      | Reached skill level 1 in Axes
  1164 | D:2      | Reached skill level 1 in Polearms
  1164 | D:2      | Reached skill level 1 in Staves
  1164 | D:2      | Reached skill level 1 in Ranged Weapons
  1164 | D:2      | Reached skill level 1 in Throwing
  1164 | D:2      | Reached skill level 1 in Armour
  1164 | D:2      | Reached skill level 1 in Stealth
  1164 | D:2      | Reached skill level 1 in Shields
  1164 | D:2      | Reached skill level 1 in Unarmed Combat
  1164 | D:2      | Reached skill level 1 in Evocations
  1473 | D:3      | Noticed Grinder
  1497 | D:3      | Killed from afar by an orc priest

Illustrated notes

Levels and vault maps discovered:
D:1:      spicycebolla_arrival_clurvy, layout_basic
D:2:      layout_loops_cross, basic_altar, serial_rivers,
          chequers_serial_rivers_micro_d, chequers_serial_rivers_small_3,
          chequers_serial_rivers_micro_c, chequers_serial_rivers_marsh,
          hangedman_decor_peaks_small
D:3:      layout_basic, serial_bayou_pond_c, st_stairs_6, uniq_grinder

Skill      XL: |  1  2  3 |
---------------+----------+-----
Spellcasting   | 5 |  5.0
Invocations    | 1 |  1.0
Short Blades   | 1 |  1.0
Long Blades    | 1 |  1.0
Axes           | 1 |  1.0
Polearms       | 1 |  1.0
Staves         | 1 |  1.0
Ranged Weapons | 1 |  1.0
Throwing       | 1 |  1.0
Armour         | 1 |  1.0
Stealth        | 1 |  1.0
Shields        | 1 |  1.0
Unarmed Combat | 1 |  1.0
Evocations     | 1 |  1.0
Fighting       | |  4.6
Maces & Flails | |  6.5
Dodging        | |  4.6
Conjurations   | |  5.4
Hexes          | |  0.7
Summonings     | |  0.7
Necromancy     | |  0.7
Translocations | |  0.7
Transmutations | |  0.7
Fire Magic     | |  0.7
Ice Magic      | |  0.7
Air Magic      | |  0.7
Earth Magic    | |  0.7
Poison Magic   | |  0.7

Action                     || total
---------------------------++-------
  Melee: Mace              ||    85
         Bite              ||     8
   Stab: Sleeping          ||     1
 Armour: Leather armour    ||    21
  Dodge: Dodged            ||    55
